 BcadrenCrawl: Boulder Brew version 0.04 (webtiles) character file.

Game seed: 17433881471090538414, levelgen mode: deterministic

293 Chiseanne the Ducker (level 6, -1/44 HPs) Goblin Demonspawn. Began on Mar 20, 2021. Slain by a sewer rat (3 damage) ... on level 2 of the Dungeon. The game lasted 00:04:56 (1098 turns).

Chiseanne the Ducker (Goblin Demonspawn)            Turns: 1098, Time: 00:04:57

Health: -1/44      AC:  7    Str:  8    XL:     6 ^: 100
Magic:  7/7        EV:  8    Int:  6    God:
Gold:   26         SH:  0    Dex:  6    Spells: 6/7 levels left

rFire    . . .     Vision   .   a - +0 long sword
rCold    . . .     Gourm    .   e - +0 short sword
rNeg     . . .     Faith    .   i - +0 plate armour
rPois    .         Spirit   .   (no helmet)
rElec    .         Reflect  .   (no cloak)
rCorr    .         Harm     .   (no gloves)
MR       .....                  (no boots)
Stlth    ..........             (no amulet)
HPRegen  0.24/turn              (no ring)
MPRegen  0.17/turn              (no ring)

@: corroded
A: small, stagnant stats, goblin's greed, talons 2, low mp 1, mutation
resistance 1, spiny 1, god's pity 2
a: no special abilities


You were on level 2 of the Dungeon.
You were not hungry.

You visited 1 branch of the dungeon, and saw 2 of its levels.

You collected 22 gold pieces.

Inventory:

Weapons
 a - a +0 long sword (weapon)
 e - a +0 short sword (weapon)
 w - a +0 hunting sling
Armour
 i - a +0 plate armour (worn)
Scrolls
 b - a scroll of fear
 c - a scroll of enchantment
 h - a scroll of teleportation
Potions
 f - a potion of might
Comestibles
 d - 5 rations


   Skills:
 * Level 4.7 Fighting
 - Level 2.6 Long Blades
 * Level 3.1 Armour
 * Level 6.1 Dodging
 - Level 2.6 Stealth
 - Level 1.3 Spellcasting
 - Level 2.6 Fire Magic
   Level 4.0 Invocations


You had 6 spell levels left.
You knew the following spells:

 Your Spells              Type           Power        Failure   Level  Hunger
a - Flame Tongue          Fire           3 (30)       99%         1    ##.....

Your spell library contained the following spells:

 Spells                   Type           Power        Failure   Level  Hunger
 Blink                    Tloc           N/A          100%        2    ###....
 Call Imp                 Summ           0 (100)      100%        2    ###....
 Slow                     Hex            0 (100)      100%        2    ###....
 Conjure Flame            Fire           3 (100)      100%        3    ####...
 Mephitic Cloud           Pois/Air       0 (100)      100%        3    ####...


Dungeon Overview and Level Annotations

Branches:
Dungeon (2/8)

Altars:


Innate Abilities, Weirdness & Mutations

Your stats never grow through leveling.
Your goblin ancestry allows you to find more gold. (+20%)
You are small and have problems with some larger weapons.
You have razor-sharp toenails.
Your magical capacity is low. (-10% MP)
You are somewhat resistant to further mutation.
You are partially covered in sharp spines.
The pity of the gods increases the power of your passive and invoked divine abilities.


Message History

* * * LOW HITPOINT WARNING * * *
You hit the jelly (6).
You kill the jelly!
The sewer rat barely misses you (0). The sewer rat bites you (2).
* * * LOW HITPOINT WARNING * * *
The sewer rat closely misses you (0).
A sewer rat comes into view.
You hit the sewer rat but do no damage.
Your plate armour prevents you from hitting the sewer rat.
The sewer rat is struck by your spines (1).
The sewer rat closely misses you (0).
A sewer rat comes into view.
The sewer rat bites you (1).
* * * LOW HITPOINT WARNING * * *
The sewer rat closely misses you (0).
You riposte.
You barely miss the sewer rat. You closely miss the sewer rat.
Your plate armour prevents you from hitting the sewer rat.
The sewer rat bites you (3).
You die...

#≈≈≈≈.≈# #≈≈≈≈≈.#
#≈≈≈≈≈.# #≈≈≈≈≈.#
#≈≈≈≈≈.# #≈≈≈≈≈.########
#≈≈≈≈≈..#.#..≈## ###
#≈≈J≈≈††.†≈...≈#
≈≈###≈≈≈b..#≈#.≈@..#
...≈..≈PPP≈#####rr≈#
#.÷÷.[≈PPPP# #r.###
≈≈÷..≈≈PPPP# ###.≈≈...≈.
..÷##.≈P.PP# #≈#≈..≈≈##≈
..<##......###.#######
≈####.≈≈≈≈≈##.≈..≈##≈##
##≈...≈≈≈≈≈......÷.≈..##
....#.≈≈≈≈........<....#


You could see 3 submerged sewer rats.

Vanquished Creatures
  4 jellies (D:2)
  3 giant cockroaches
  11 sewer rats (D:2)
  2 cinder newts
  3 dart slugs (D:1)
  4 goblins (D:1)
  3 hobgoblins (D:1)
  5 bats (D:1)
  A goblin skeleton (D:2)
  4 kobolds (D:1)
  A kobold skeleton (D:2)
  5 rats (D:1)
  A withered plant (D:2)
47 creatures vanquished.

Vanquished Creatures (others)
  A jackal skeleton (D:2)
  41 withered plants (D:2)
42 creatures vanquished.

Grand Total: 89 creatures vanquished

Notes
Turn   | Place    | Note
-------+----------+-------------------------------------------
     0 | D:1      | Chiseanne the Goblin Demonspawn began the quest for the
                  | Orb.
     0 | D:1      | Reached XP level 1. HP: 13/13 MP: 2/2
    32 | D:1      | Gained mutation: You have sharp toenails. [demonic
                  | ancestry]
    32 | D:1      | Reached XP level 2. HP: 19/19 MP: 3/3
    84 | D:1      | Gained mutation: You are partially covered in sharp spines.
                  | [demonic ancestry]
    84 | D:1      | Reached XP level 3. HP: 23/25 MP: 4/4
   267 | D:1      | Reached skill level 5 in Dodging
   303 | D:1      | Reached XP level 4. HP: 31/31 MP: 5/5
   689 | D:2      | Reached skill level 1 in Armour
   696 | D:2      | Reached XP level 5. HP: 11/37 MP: 6/6
   940 | D:2      | Gained mutation: You have razor-sharp toenails. [demonic
                  | ancestry]
   940 | D:2      | Reached XP level 6. HP: 26/43 MP: 7/7
  1021 | D:2      | HP: 1/44 [acid (5)]
  1021 | D:2      | Reached skill level 6 in Dodging
  1095 | D:2      | HP: 2/44 [sewer rat (2)]
  1098 | D:2      | Slain by a sewer rat

Levels and vault maps discovered:
D:1:      dpeg_arrival_rhombi, layout_cave_pools, hangedman_decor_lopped,
          minmay_misc_feat_five, guppyfry_early_lair_pool
D:2:      layout_sewer, grunt_qazlal_clouds, sewer_frog_pond, first_ration

Skill      XL: |  1  2  3  4  5  6 |
---------------+-------------------+-----
Fighting       | 2 3 4 |  4.7
Dodging        | 5 6 |  6.1
Armour         | 1 2 3 |  3.1
Long Blades    | |  2.6
Stealth        | |  2.6
Spellcasting   | |  1.3
Fire Magic     | |  2.6
Invocations    | |  4.0

Action                   |  1- 3 |  4- 6 || total
-------------------------+-------+-------++-------
Melee: Long sword        |    39 |    53 ||    92
       Unarmed           |    16 |       ||    16
       Short sword       |    10 |    48 ||    58
       Kick              |       |     6 ||     6
  Eat: Chunk             |       |     1 ||     1
Armor: Leather armour    |    11 |       ||    11
       Plate armour      |       |    57 ||    57
Dodge: Dodged            |    58 |    46 ||   104
       Rpst.: Long sword |    18 |    12 ||    30
